Map: Artillería pesada EE

Players

DYBALAOCTER - Winner!

  • Race: Protoss Protoss
  • Spawn Location: 7:00

VLADImarz - Winner!

  • Race: Zerg Zerg
  • Spawn Location: 7:00

MrFercho

  • Race: Zerg Zerg
  • Spawn Location: 1:00

tigro

  • Race: Terran Terran
  • Spawn Location: 3:00

VOD

Have the link to the VOD?

Description

Time

  • Played on: June 9, 2020, 10:05 p.m.
  • Length: 10:58
Show
View Real Time Build Order
Export as new Build Order

DYBALAOCTER Protoss - Winner!

Build Orders: Dark Templar Rush 

Get SALT Encoding   

  12  0:00  Probe  
  13  0:08  Probe  
  14  0:17  Probe  
  15  0:40  Pylon  
  15  0:48  Assimilator  
  15  0:50  Assimilator  
  15  1:00  Pylon  
  15  1:04  Pylon  
  15  1:07  Pylon  
  15  1:12  Probe  
  15  1:13  Gateway  
  16  1:20  Probe  
  17  1:29  Probe  
  17  1:34  Forge  
  18  1:43  Probe  
  19  1:55  Probe  
  19  2:00  Gateway  
  20  2:07  Probe  
  21  2:09  Cybernetics Core  
  21  2:19  Probe  
  21  2:20  Photon Cannon  
  22  2:27  Probe  
  22  2:31  Zealot  
  25  2:49  Twilight Council  
  25  2:53  Stargate  
  25  2:56  Warp Gate  
  25  3:02  Zealot  
  27  3:24  Robotics Facility  
  27  3:31  Pylon  
  27  3:37  Dark Shrine  
  27  4:00  Void Ray  
  31  4:03  Zealot  
  31  4:05  Zealot  
  35  4:15  Observer  
  36  4:26  Nexus  
  36  4:36  Pylon  
  36  4:51  Void Ray  
  40  5:02  Assimilator  
  40  5:16  Dark Templar  
  42  5:30  Dark Templar  
  44  5:39  Probe  
  44  5:47  Probe  
  45  5:50  Zealot  
  48  5:57  Probe  
  49  6:09  Probe  
  50  6:14  Void Ray  
  54  6:21  Probe  
  54  6:22  Probe  
  56  6:30  Probe  
  56  6:39  Probe  
  58  7:52  Void Ray  
  62  8:28  Archon  
  62  8:45  Void Ray  
  66  8:53  Stargate  
  66  9:28  Void Ray  
  64  10:29  Pylon  
  64  10:32  Pylon  
  64  10:35  Pylon  
  64  10:54  Assimilator  
Show
View Real Time Build Order
Export as new Build Order

VLADImarz Zerg - Winner!

Build Orders: Pool First 

Get SALT Encoding   

  12  0:53  Drone x2  
  14  1:01  Overlord  
  14  1:09  Spawning Pool  
  13  1:12  Hatchery  
  13  1:16  Extractor  
  13  1:17  Overlord  
  11  1:36  Drone x2  
  13  1:48  Drone x2  
  15  2:06  Queen  
  17  2:21  Extractor, Drone x3  
  21  2:33  Lair  
  19  2:41  Overlord x2  
  19  2:43  Drone  
  20  2:45  Drone  
  21  2:59  Drone x2  
  21  3:05  Zergling x4  
  25  3:18  Evolution Chamber  
  24  3:20  Zergling x6  
  24  3:24  Zergling x2  
  24  3:25  Zergling x2  
  29  3:29  Drone  
  30  3:43  Nydus Network  
  29  3:54  Zergling x2  
  29  3:55  Zergling x4  
  32  4:03  Drone x2  
  32  4:06  Drone  
  35  4:37  Zergling x8  
  35  4:38  Zergling x2  
  40  4:55  Zergling x8  
  40  4:56  Zergling x2  
  45  5:07  Zergling x8  
  49  5:37  Nydus Canal  
  44  6:17  Zergling x6  
  44  6:18  Zergling x8  
  36  6:35  Zerg Melee Weapons Level 1  
  36  6:43  Overlord x3  
  36  7:17  Roach Warren  
  36  7:20  Zergling x2  
  36  7:21  Zergling x14  
  36  7:22  Zergling x2  
  44  7:40  Overseer  
  44  7:46  Pneumatized Carapace  
  44  7:56  Spire  
  43  8:29  Zerg Ground Armor Level 1  
  43  8:52  Nydus Canal  
  43  8:58  Roach x3  
  43  8:59  Roach x6  
  43  9:00  Roach x3  
  43  9:02  Overlord x4  
  65  9:55  Zergling x12  
  65  9:56  Zergling x6  
  58  10:35  Zergling x2, Roach  
  58  10:36  Zergling x6, Roach x3  
Show
View Real Time Build Order
Export as new Build Order

MrFercho Zerg 

Build Orders: Hatch First 

Get SALT Encoding   

  12  0:01  Drone  
  13  0:13  Overlord  
  13  0:19  Drone  
  14  0:31  Drone x2  
  16  0:59  Drone x3  
  19  1:04  Extractor, Hatchery  
  17  1:11  Drone  
  18  1:21  Drone  
  19  1:35  Evolution Chamber  
  18  1:41  Spawning Pool  
  18  1:42  Drone  
  18  1:43  Drone  
  19  1:53  Drone  
  21  2:08  Drone  
  21  2:14  Drone  
  22  2:17  Drone  
  23  2:26  Drone  
  23  2:27  Drone  
  25  2:34  Queen  
  25  2:36  Drone  
  28  2:40  Overlord  
  28  2:52  Extractor  
  28  2:58  Queen, Drone  
  28  2:59  Drone x2  
  28  3:03  Drone  
  28  3:04  Extractor  
  32  3:08  Drone  
  32  3:10  Zerg Missile Weapons Level 1  
  32  3:11  Drone  
  34  3:15  Lair  
  34  3:19  Drone  
  35  3:21  Overlord  
  35  3:32  Drone  
  36  3:35  Overlord  
  36  3:43  Queen  
  38  4:08  Roach Warren  
  37  4:37  Overlord  
  37  4:38  Overlord  
  37  4:47  Drone x11  
  37  4:50  Hatchery  
  47  4:53  Extractor  
  47  4:56  Extractor  
  45  5:00  Overseer  
  45  5:08  Spine Crawler  
  45  5:09  Spore Crawler  
  43  5:34  Roach x7  
  43  5:35  Roach x5  
  67  5:50  Drone  
  67  5:51  Overlord  
  67  5:52  Overlord x3  
  64  6:26  Drone  
  64  6:27  Drone x8  
  73  6:52  Drone x5  
  73  6:53  Drone  
  79  7:13  Overseer  
  75  7:20  Spine Crawler  
  62  8:04  Drone x11  
  62  8:05  Queen  
  73  8:08  Zerg Missile Weapons Level 2  
  75  8:24  Burrow  
  73  8:44  Spine Crawler  
  65  9:01  Drone x9  
  73  9:11  Hydralisk Den  
  66  9:26  Roach  
  66  9:27  Roach x5  
  64  10:04  Roach x9  
  72  10:18  Hydralisk Den  
Show
View Real Time Build Order
Export as new Build Order

tigro Terran 

Build Orders:  

Get SALT Encoding   

  12  0:03  SCV  
  13  0:15  SCV  
  14  0:28  SCV  
  15  0:30  Supply Depot  
  15  0:34  Refinery  
  15  0:52  SCV  
  16  1:00  Barracks  
  16  1:04  SCV  
  16  1:07  Refinery  
  17  1:16  SCV  
  18  1:28  Supply Depot, SCV  
  19  1:40  SCV  
  20  1:51  Marine  
  21  2:00  SCV  
  22  2:09  Marine  
  22  2:12  Barracks, SCV  
  24  2:25  SCV  
  24  2:27  Marine  
  26  2:37  Engineering Bay  
  26  2:38  SCV  
  27  2:45  Marine  
  28  2:57  Orbital Command  
  28  3:02  Barracks Tech Lab  
  28  3:03  Marine  
  29  3:12  Factory  
  29  3:32  Command Center  
  29  3:45  Barracks Tech Lab, Terran Infantry Weapons Level 1  
  29  3:55  Combat Shield  
  29  3:58  Marine  
  30  4:03  Factory Tech Lab  
  30  4:19  Missile Turret  
  30  4:46  Siege Tank  
  30  4:47  Refinery  
  30  4:52  Stimpack  
  33  4:59  Marine x2  
  35  5:14  Concussive Shells  
  35  5:16  Marine  
  35  5:17  Marine  
  37  5:34  Marine x2  
  39  5:39  Terran Infantry Armor Level 1  
  39  5:52  Marine x2  
  40  7:33  Neosteel Armor  
  18  8:55  Siege Tank  
  20  9:13  Hi-Sec Auto Tracking  
Tags
 
Add a new tag
Caveats
  • Supply blocks, unpowered buildings, or Contaminate may cause inaccurate times.
  • Supply counts are checked every 10 seconds.